 Dungeon Crawl Stone Soup version 0.30.1-11-g7821555f0a (webtiles) character file.

Game seed: 6890296412706937248

554 altug the Twirler (level 7, 0/51 HPs)
             Began as a Demonspawn Gladiator on Nov 25, 2023.
             Was an Initiate of Nemelex Xobeh.
             Slain by Duvessa
             ... wielding a +2 rapier of flaming
              (4 damage)
             ... on level 4 of the Dungeon.
             The game lasted 00:40:11 (3385 turns).

altug the Twirler (Demonspawn Gladiator)            Turns: 3385, Time: 00:40:11

Health: 0/51       AC: 14    Str: 16    XL:     7   Next: 8%
Magic:  7/7        EV:  8    Int:  9    God:    Nemelex Xobeh [......]
Gold:   205        SH:  5    Dex: 15    Spells: 6/6 levels left

rFire   . . .        e - +3 quarterstaff (chaos)
rCold   . . .        (shield currently unavailable)
rNeg    . . .        v - +1 chain mail {Will+}
rPois   .            (helmet restricted)
rElec   .            d - +0 cloak
rCorr   .            (no gloves)
SInv    .            A - +0 pair of boots
Will    +....        i - amulet of reflection Stlth
                     (no ring)
HPRegen 1.28/turn    (no ring)
MPRegen 0.10/turn

%: reflection
@: no status effects
A: horns 1, thin metallic scales 1, powered by death 1
a: Renounce Religion, Draw Escape, Draw Destruction, Draw Summoning


You were on level 4 of the Dungeon.
You worshipped Nemelex Xobeh.
Nemelex Xobeh was noncommittal.
You visited 1 branch of the dungeon, and saw 4 of its levels.

You collected 205 gold pieces.

Inventory:

Hand Weapons
 e - a +3 quarterstaff of chaos (weapon)
 u - a +1 dagger of speed
 w - a +4 dagger
Missiles
 f - 38 stones
 r - a javelin
 y - 7 boomerangs
Armour
 d - a +0 cloak (worn)
 k - a +0 ring mail
 n - a +2 pair of gloves
 q - a +0 ring mail
 s - a +0 robe
 v - a +1 chain mail of willpower (worn)
 A - a +0 pair of boots (worn)
Magical Staves
 b - a staff of poison
Jewellery
 i - an amulet of reflection (around neck)
Wands
 x - a wand of paralysis (15)
Scrolls
 a - a scroll of noise {unknown}
 c - 2 scrolls of immolation {unknown}
 g - a scroll of butterflies {unknown}
 h - a scroll of poison
 j - 4 scrolls of identify
 l - a scroll of brand weapon
Potions
 m - 2 potions of brilliance {unknown}
 o - 3 potions of curing {unknown}
 p - 2 potions of attraction {unknown}
 z - a potion of heal wounds {unknown}
 B - a potion of mutation {unknown}


   Skills:
 + Level 2.6 Fighting
 + Level 3.5 Long Blades
 + Level 3.8 Staves
 + Level 2.0 Throwing
 + Level 2.6 Armour
 + Level 3.2 Dodging
 + Level 2.0 Stealth
 + Level 1.7 Shields
 + Level 0.4 Evocations


You had 6 spell levels left.
You didn't know any spells.
Your spell library contained the following spells:

 Spells                   Type           Power      Damage    Failure   Level
 Kiss of Death            Conj/Necr      0%         2d5       99%         1
 Confusing Touch          Hex            0%         N/A       100%        3
 Dazzling Flash           Conj/Hex       0%         N/A       100%        3
 Dispel Undead            Necr           0%         3d6       100%        4
 Agony                    Necr           0%         N/A       100%        5
 Silence                  Hex/Air        0%         N/A       100%        5


Dungeon Overview and Level Annotations

Branches:
Dungeon (4/15)             Temple (0/1) D:4

Altars:
Kikubaaqudgha
Makhleb
Nemelex Xobeh

Shops:
D:1 [

Annotations:
D:4 Duvessa


Innate Abilities, Weirdness & Mutations

You have a pair of small horns on your head.
You are partially covered in thin metallic scales. (AC +2)
You regenerate a little health from kills.


Message History

Aim: Dowan, wielding a +0 dagger and wearing a +0 robe (56% to hit)
The puff of flame hits Dowan.
Dowan is moderately wounded.
The now-empty wand crumbles to dust.
Dowan gestures at you while chanting. The puff of frost hits you!
Hit: e) +3 quarterstaff (chaos)
Press: ? - help, Dir - move target, f - Duvessa, p - Dowan
Aim: Duvessa, wielding a +2 rapier of flaming and wearing a +0 leather armour (about 31% to evade your +3 quarterstaff of chaos)
You hit Duvessa. You drain Duvessa.
Duvessa is lightly wounded.
Duvessa hits you with a +2 rapier of flaming.
Duvessa burns you.
Hit: e) +3 quarterstaff (chaos)
Press: ? - help, Dir - move target, f - Dowan, p - Duvessa
Aim: Dowan, wielding a +0 dagger and wearing a +0 robe (moderately wounded, about 44% to evade your +3 quarterstaff of chaos)
You sock Dowan! Lightning courses through Dowan!
You kill Dowan!
Duvessa weeps, and shakes her weapon.
Duvessa goes berserk!
Duvessa closely misses you. Duvessa barely misses you.
You have reached level 7!
Hit: e) +3 quarterstaff (chaos)
Press: ? - help, Dir - move target, f - Duvessa
Aim: Duvessa, wielding a +2 rapier of flaming and wearing a +0 leather armour (lightly wounded, berserk, lightly drained, about 31% to evade your +3 quarterstaff of chaos)
You hit Duvessa. Your headbutt misses Duvessa.
Duvessa is moderately wounded.
Duvessa hits you with a +2 rapier of flaming.
Duvessa burns you. The goblin hits you but does no damage.
Duvessa hits you with a +2 rapier of flaming!
Duvessa burns you. The goblin hits you but does no damage.
Hit: e) +3 quarterstaff (chaos)
Press: ? - help, Dir - move target, f - goblin, p - Duvessa
Aim: a goblin, wielding a +0 club (about 41% to evade your +3 quarterstaff of chaos)
You thump the goblin!
You kill the goblin!
Duvessa hits you with a +2 rapier of flaming!
* * * LOW HITPOINT WARNING * * *
Duvessa burns you.
You die...
Your body disappears without a glow.

*........#..#...............
*........#..#...............
*........#..'...............
*........#..################
*........#..................
*........#..)...............
*........###.###############
*........###'###
*.........e@...#
*#######..)....# #.......#
#.......# #.......###
#.......'.### #.......#...##
##.......###..##
#.....#........#######


You could see Duvessa (berserk, drained).

Vanquished Creatures
  A wyvern (D:4)
  Eustachio (D:4)
  Dowan (D:4)
  Crazy Yiuf (D:2)
  2 iguanas (D:4)
  3 adders
  2 ufetubi (D:4)
  2 worms (D:2)
  A dart slug (D:1)
  5 orcs
  6 endoplasms
  4 giant cockroaches
  9 goblins
  4 hobgoblins
  12 jackals (D:3)
  3 quokkas
  11 ball pythons
  3 bats
  7 frilled lizards
  3 kobolds
  6 rats
87 creatures vanquished.

Vanquished Creatures (others)
  A jackal zombie (D:3)
1 creature vanquished.

Grand Total: 88 creatures vanquished

Notes
Turn   | Place    | Note
-------+----------+-------------------------------------------
     0 | D:1      | altug the Demonspawn Gladiator began the quest for the Orb.
     0 | D:1      | Reached XP level 1. HP: 16/16 MP: 1/1
   122 | D:1      | Gained mutation: You regenerate a little health from kills.
                  | [demonic ancestry]
   122 | D:1      | Reached XP level 2. HP: 22/22 MP: 2/2
   286 | D:1      | Found Garut's Antique Armour Shoppe.
   729 | D:2      | Gained mutation: You are partially covered in thin metallic
                  | scales. (AC +2) [demonic ancestry]
   729 | D:2      | Reached XP level 3. HP: 27/27 MP: 3/3
  1024 | D:2      | Reached skill level 1 in Armour
  1281 | D:2      | Reached skill level 1 in Stealth
  1299 | D:2      | Found a runed translucent door.
  1300 | D:2      | Noticed Crazy Yiuf
  1311 | D:2      | Killed Crazy Yiuf
  1312 | D:2      | Reached XP level 4. HP: 13/33 MP: 4/4
  1975 | D:3      | Found a sparkling altar of Nemelex Xobeh.
  1980 | D:3      | Became a worshipper of Nemelex Xobeh the Trickster
  2046 | D:3      | Reached skill level 1 in Shields
  2167 | D:3      | Reached XP level 5. HP: 38/38 MP: 5/5
  2665 | D:3      | Found a burning altar of Makhleb.
  2770 | D:4      | Noticed a wyvern
  2773 | D:4      | Reached skill level 1 in Staves
  2790 | D:4      | Killed a wyvern
  2791 | D:4      | Gained mutation: You have a pair of small horns on your
                  | head. [demonic ancestry]
  2791 | D:4      | Reached XP level 6. HP: 8/46 MP: 6/6
  2934 | D:4      | Found a staircase to the Ecumenical Temple.
  3120 | D:4      | Found an ancient bone altar of Kikubaaqudgha.
  3170 | D:4      | Noticed Eustachio
  3210 | D:4      | Killed Eustachio
  3373 | D:4      | Noticed Dowan
  3373 | D:4      | Noticed Duvessa
  3383 | D:4      | Killed Dowan
  3384 | D:4      | Reached XP level 7. HP: 39/51 MP: 7/7
  3385 | D:4      | Slain by Duvessa

Illustrated notes

Levels and vault maps discovered:
D:1:      scummos_arrival_hexagon, layout_loops_cross, serial_shops,
          nicolae_shop_tiny_glass, chequers_serial_rivers_small_3,
          minmay_tetromino_l2
D:2:      layout_loops_corners, serial_forest, infiniplex_forest_clump_C,
          infiniplex_forest_end_2, infiniplex_forest_lined_4_way,
          infiniplex_forest_3_way, infiniplex_forest_straight_2,
          uniq_crazy_yiuf_cottage
D:3:      layout_basic, mainiacjoe_overflow_swirl
D:4:      cheibrodos_helix_gallery, layout_basic, amcnicky_altar_gilded,
          temple_pool_b, uniq_eustachio, uniq_duvessa

Skill      XL: |  1  2  3  4  5  6 |
---------------+-------------------+-----
Long Blades    | 3 |  3.5
Dodging        | 3 |  3.2
Armour         | 1 2 |  2.6
Stealth        | 1 2 |  2.0
Throwing       | 2 |  2.0
Shields        | 1 |  1.7
Staves         | 2 3 |  3.8
Fighting       | |  2.6
Evocations     | |  0.4

Action                     |  1- 3 |  4- 6 |  7- 9 || total
---------------------------+-------+-------+-------++-------
  Melee: Long sword        |   110 |       |       ||   110
         Punch             |     4 |       |       ||     4
         Quarterstaff      |       |   139 |     2 ||   141
         Headbutt          |       |     4 |       ||     4
  Throw: Throwing net      |     8 |       |       ||     8
         Javelin           |     1 |       |       ||     1
         Stone             |       |     1 |       ||     1
  Evoke: Wand              |       |    11 |       ||    11
    Use: Scroll            |       |     5 |       ||     5
   Stab: Sleeping          |     6 |     1 |       ||     7
         Held in net/web   |     1 |       |       ||     1
 Armour: Leather armour    |    33 |    24 |       ||    57
         Chain mail        |       |    76 |     2 ||    78
  Dodge: Dodged            |    56 |    99 |       ||   155
  Block: Other             |    16 |    45 |       ||    61
